 Dungeon Crawl Stone Soup version 0.21.0-30-g47ce8e4 (webtiles) character file.

7 Monsterracer the Vexing (level 1, 0/7 HPs)
             Began as a Felid Enchanter on Jan 28, 2018.
             Slain by a jackal (1 damage)
             ... on level 1 of the Dungeon.
             The game lasted 00:01:19 (305 turns).

Monsterracer the Vexing (Felid Enchanter)            Turns: 305, Time: 00:01:20

Health: 0/7        AC:  1    Str:  4    XL:     1   Next: 83%
Magic:  3/4        EV: 18    Int: 16    God:
Gold:   0          SH:  0    Dex: 16    Spells: 3/4 levels left
                                        Lives:  0   Deaths: 0

rFire    . . .     SeeInvis +     - Unarmed
rCold    . . .     Gourm    .   (shield unavailable)
rNeg     . . .     Faith    .   (armour unavailable)
rPois    .         Spirit   .   (helmet unavailable)
rElec    .         Reflect  .   (cloak unavailable)
rCorr    .         Harm     .   (gloves unavailable)
MR       .....                  (boots unavailable)
Stlth    +++.......             (no amulet)
HPRegen  0.02/turn              (no ring)
MPRegen  0.09/turn              (no ring)

@: quick
A: very small, no armour, no weapons or thrown items, stealth, claws 1, fangs 3,
see invisible, carnivore, speed 1, shaggy fur 1, slow metabolism 1, sharp paws
a: no special abilities


You were on level 1 of the Dungeon.
You were not hungry.

You visited 1 branch of the dungeon, and saw 1 of its levels.

Inventory:

Books
 a - a book of Maledictions

   Spells                             Type                      Level
   a - Corona                         Hexes                        1
   b - Ensorcelled Hibernation        Hexes/Ice                    2
   c - Confuse                        Hexes                        3
   d - Tukima's Dance                 Hexes                        3
   e - Dazzling Spray                 Conjuration/Hexes            3
Comestibles
 c - a ration


   Skills:
 - Level 2.6 Dodging
 + Level 4.4 Stealth
 + Level 1.5 Unarmed Combat
 - Level 2.0 Spellcasting
 - Level 4.4 Hexes


You had 3 spell levels left.
You knew the following spells:

 Your Spells              Type           Power        Failure   Level  Hunger
a - Corona                Hex            ###....      3%          1    #......


Dungeon Overview and Level Annotations

Branches:
Dungeon (1/15)

Altars:


Innate Abilities, Weirdness & Mutations

You cannot wear armour.
You are incapable of wielding weapons or throwing items.
Your paws allow you to move quietly. (Stealth)
You have sharp claws.
You have razor-sharp teeth.
You have supernaturally acute eyesight. (SInv)
You are carnivorous and can eat meat at any time.
You cover ground quickly.
You are covered in fur. (AC +1)
You have a slow metabolism.
Your sharp claws are effective at attacking unaware monsters.


Message History

The goblin is moderately wounded.
The goblin hits you but does no damage.
You closely miss the goblin.
The goblin is moderately wounded.
The goblin misses you.
You barely miss the goblin.
The goblin is moderately wounded.
The goblin hits you.
You take 2 damage, and have 4/7 hp.
MASSIVE DAMAGE!!
You closely miss the goblin.
The goblin is moderately wounded.
The goblin barely misses you.
You scratch the goblin but do no damage.
The goblin is moderately wounded.
The goblin closely misses you.
You scratch the goblin.
You kill the goblin!
HP restored.
There is an open door here. 2 jackals come into view.
The jackal barks!
A jackal comes into view.
Health restored: 7
There are monsters nearby!
The jackal barks!
You scratch the jackal.
The jackal is lightly wounded.
The jackal closely misses you. The jackal barely misses you.
You scratch the jackal but do no damage.
The jackal is lightly wounded.
The jackal misses you.
A bat comes into view.
You closely miss the jackal.
The jackal is lightly wounded.
The jackal barely misses you.
You scratch the jackal.
The jackal is severely wounded.
The jackal misses you. The jackal bites you.
You take 2 damage, and have 5/7 hp.
MASSIVE DAMAGE!!
You scratch the jackal but do no damage.
The jackal is severely wounded.
The jackal misses you.
You barely miss the jackal. Your bite misses the jackal.
The jackal is severely wounded.
The jackal closely misses you. The jackal bites you.
* * * LOW HITPOINT WARNING * * *
You take 2 damage, and have 3/7 hp.
MASSIVE DAMAGE!!
You scratch the jackal but do no damage.
The jackal is severely wounded.
The jackal barely misses you.
You scratch the jackal.
The jackal is almost dead.
The jackal barely misses you.
Casting: Corona
Confirm with . or Enter, or press ? or * to list all spells.
Aiming: Corona
Press: ? - help, Shift-Dir - straight line, f - jackal
Aim: a jackal (almost dead, chance to defeat MR: 69%)
The jackal is outlined in light.
The jackal bites you.
* * * LOW HITPOINT WARNING * * *
You take 2 damage, and have 1/7 hp.
MASSIVE DAMAGE!!
You now have 3/4 mp.
The jackal barely misses you.
You scratch the jackal but do no damage.
The jackal is almost dead.
The jackal barely misses you.
You scratch the jackal but do no damage.
The jackal is almost dead.
The jackal misses you.
You scratch the jackal.
You kill the jackal!
You scratch the jackal.
The jackal is severely wounded.
The jackal closely misses you. The jackal misses you.
You barely miss the jackal.
The jackal is severely wounded.
The jackal misses you.
You scratch the jackal but do no damage.
The jackal is severely wounded.
The jackal completely misses you.
You barely miss the jackal.
The jackal is severely wounded.
The jackal bites you but does no damage.
The jackal closely misses you.
MP restored: 4 You barely miss the jackal.
The jackal is severely wounded.
The jackal closely misses you.
You closely miss the jackal.
The jackal is severely wounded.
The jackal closely misses you. x2
You scratch the jackal.
You kill the jackal!
The jackal closely misses you.
Casting: Corona
Confirm with . or Enter, or press ? or * to list all spells.
Aiming: Corona
Press: ? - help, Shift-Dir - straight line, f - jackal
Aim: a jackal (chance to defeat MR: 69%)
The jackal is outlined in light.
The jackal bites you.
You die...

#..........###
####'#######
#.# #.# #.#
#.# #.# #.#
#@# #h#
##.######b#
#...bhh...#
##.########


You could see a jackal and a bat.

Vanquished Creatures
  2 goblins (D:1)
  2 jackals (D:1)
  2 rats (D:1)
6 creatures vanquished.

Notes
Turn   | Place    | Note
-------+----------+-------------------------------------------
     0 | D:1      | Monsterracer the Felid Enchanter began the quest for the Orb.
     0 | D:1      | Reached XP level 1. HP: 7/7 MP: 4/4
   287 | D:1      | HP: 3/7 [jackal (2)]
   290 | D:1      | HP: 1/7 [jackal (2)]
   305 | D:1      | Slain by a jackal

Action                   || total
-------------------------++-------
Melee: Unarmed           ||    37
       Bite              ||     2
 Cast: Corona            ||     4
  Eat: Chunk             ||     1
Armor: Skin              ||     3
Dodge: Dodged            ||    33

Vault maps used:
D:1:      dpeg_arrival_arbitrary_a
